 Dungeon Crawl Stone Soup version 0.17-a0-469-g696e5a1 (webtiles) character file.

24 Radiman the Digger (level 3, -2/19 HPs)
             Began as a Gargoyle Earth Elementalist on Apr 6, 2015.
             Slain by a gnoll
             ... wielding a +0 spear
              (6 damage)
             ... on level 2 of the Dungeon.
             The game lasted 00:07:00 (2272 turns).

Radiman the Digger (Gargoyle Earth Elementalist)    Turns: 2272, Time: 00:07:00

Health: -2/19      AC:  6    Str: 11    XL:     3   Next: 2%
Magic:  0/6        EV: 12    Int: 16    God:
Gold:   78         SH:  0    Dex: 10    Spells: 1 memorised, 5 levels left

rFire  + . .     SeeInvis .     g - +1 short sword (drain)
rCold  . . .     Clarity  .     c - +0 robe
rNeg   + . .     SustAb   .     (no shield)
rPois  ∞         Gourm    .     k - +0 helmet
rElec  +         Spirit   .     (no cloak)
rCorr  .         Warding  .     (no gloves)
rMut   .         Stasis   .     (no boots)
MR     .....                    (no amulet)
Stlth  ++........               (no ring)
                                j - ring of protection from fire

@: not resistant to hostile enchantments, unstealthy
A: negative energy resistance 1, electricity resistance, unbreathing,
petrification resistance, rot immunity, AC +3
a: no special abilities


You were on level 2 of the Dungeon.
You were hungry.

You visited 1 branch of the dungeon, and saw 2 of its levels.

You collected 78 gold pieces.

Inventory:

Hand weapons
 g - a +1 short sword of draining (weapon)
Missiles
 b - 69 stones (quivered)
Armour
 c - a +0 robe (worn)
 i - a +0 ring mail
 k - a +0 helmet (worn)
Jewellery
 j - a ring of protection from fire (left hand)
Scrolls
 e - a scroll of noise {unknown}
 f - a scroll of teleportation {unknown}
 l - 2 scrolls of identify {unknown}
 m - a scroll of random uselessness {unknown}
Potions
 h - a potion of brilliance {unknown}
Books
 d - a book of Geomancy

   Spells                             Type                      Level
   a - Sandblast                      Earth                        1
   b - Stoneskin                      Transmutation/Earth          2
   c - Passwall                       Transmutation/Earth          3
   d - Stone Arrow                    Conjuration/Earth            3
   e - Petrify                        Transmutation/Earth          4
   f - Lee's Rapid Deconstruction     Earth                        5
Comestibles
 a - a bread ration
 n - a beef jerky


   Skills:
 - Level 1.5 Dodging
 - Level 2.1 Stealth
 - Level 2.0 Spellcasting
   Level 0.7 Transmutations
 * Level 5.0 Earth Magic


You had 5 spell levels left.
You knew the following spells:

 Your Spells              Type           Power        Failure   Level  Hunger
a - Sandblast             Erth           ###...       2%          1    #......


Dungeon Overview and Level Annotations

Branches:
Dungeon (2/15)

Altars:
Gozag


Innate Abilities, Weirdness & Mutations

You are resistant to torment.
Your stone body is resilient (AC +3).
You are immune to poison.
You resist negative energy.
You are resistant to electric shocks.
You can survive without breathing.
You are immune to petrification.
You are immune to rotting.


Message History

Press: ? - help, Shift-Dir - straight line, f/p - gnoll
Aim: a gnoll, wielding a spear and wearing a leather armour (heavily wounded)
The blast of sand hits the gnoll.
The gnoll is almost dead.
Casting: Sandblast
Confirm with . or Enter, or press ? or * to list all spells.
Aiming: Sandblast
Press: ? - help, Shift-Dir - straight line, f/p - gnoll
Aim: a gnoll, wielding a spear and wearing a leather armour (almost dead)
The blast of sand hits the gnoll.
The gnoll is almost dead.
The gnoll hits you from afar with a spear.
The gnoll barely misses you.
The gnoll hits you from afar with a halberd!
Ouch! That really hurt!
* * * LOW HITPOINT WARNING * * *
You barely miss the gnoll.
The gnoll is almost dead.
The gnoll hits you with a spear.
You die...

# #.# # # #.# # #
##.########## # ##........#..8
# #............_ #
#.........#..8 #
#.........#### #
#.###########.#.####..... #
......gg@..(..#.# ######
#########.#############.#
.......... #.# ..####### #.#
.....######### #####.#
..##.##......# #...#.#
####.##......######.#.#.#
#.#..............#.#.#######
#.#.......########.#.......###


You could see 2 gnolls.

Vanquished Creatures
  2 bats
  2 hobgoblins
  5 kobolds
  2 giant cockroaches (D:1)
  A giant newt (D:1)
  6 goblins
  2 jackals (D:2)
  A quokka (D:2)
  4 rats
25 creatures vanquished.

Notes
Turn   | Place    | Note
--------------------------------------------------------------
     0 | D:1      | Radiman, the Gargoyle Earth Elementalist, began the quest for the Orb.
     0 | D:1      | Reached XP level 1. HP: 10/10 MP: 3/3
   402 | D:1      | Reached skill level 4 in Earth Magic
   652 | D:1      | Reached XP level 2. HP: 15/15 MP: 5/5
  2136 | D:2      | Found an opulent altar of Gozag.
  2162 | D:2      | Reached skill level 5 in Earth Magic
  2162 | D:2      | Reached XP level 3. HP: 19/19 MP: 4/6
  2272 | D:2      | Slain by a gnoll

Action                   || total
-------------------------++-------
Melee: Unarmed           ||    35
       Short sword       ||    31
 Cast: Sandblast         ||    37
  Eat: Chunk             ||     4
